 Dungeon Crawl Stone Soup version 0.27.1 (webtiles) character file.

Game seed: 2695145620706419592

50 chaosape the Bolt Thrower (level 3, 0/31 HPs)
             Began as a Gnoll Wanderer on Aug 28, 2021.
             Was a Follower of the Shining One.
             Shot with an arrow by a centaur (5 damage)
             ... on level 3 of the Dungeon.
             The game lasted 00:04:34 (1869 turns).

chaosape the Bolt Thrower (Gnoll Wanderer)          Turns: 1869, Time: 00:04:35

Health: 0/31       AC: 11    Str: 13    XL:     3   Next: 79%
Magic:  4/4        EV:  3    Int:  8    God:    the Shining One [*.....]
Gold:   114        SH:  4    Dex: 13    Spells: 4/4 levels left

rFire    . . .     SeeInvis .   u - +2 short sword (venom)
rCold    . . .     Faith    .   c - +0 buckler
rNeg     . . .     Spirit   .   m - +0 plate armour
rPois    .         Reflect  .   (no helmet)
rElec    .         Harm     .   (no cloak)
rCorr    .         Rampage  .   (no gloves)
Will     .....                  (no boots)
Stlth    ..........             (no amulet)
HPRegen  0.10/turn              (no ring)
MPRegen  0.09/turn              (no ring)

@: glowing
A: fangs 1, strong nose, distributed training
a: Renounce Religion


You were on level 3 of the Dungeon.
You worshipped the Shining One.
The Shining One was aware of your devotion.
You visited 1 branch of the dungeon, and saw 3 of its levels.

You collected 114 gold pieces.

Inventory:

Hand Weapons
 a - a +0 dagger
 g - a +0 spear
 h - a +2 dagger of flaming
 i - a +0 long sword
 u - a +2 short sword of venom (weapon)
Missiles
 k - 5 atropa-tipped darts (quivered)
 l - 35 stones
 o - 19 arrows
 p - 27 sling bullets
 t - 20 bolts
Armour
 c - a +0 buckler (worn)
 d - a +2 scale mail
 m - a +0 plate armour (worn)
Jewellery
 w - a ring of protection from cold
Scrolls
 n - 2 scrolls of identify {unknown}
 q - a scroll of amnesia {unknown}
Potions
 b - a potion of curing
 e - 2 potions of heal wounds {unknown}
 f - a potion of lignification {unknown}
 j - a potion of berserk rage {unknown}
 r - a potion of attraction {unknown}
 s - a potion of might {unknown}
 v - a potion of degeneration {unknown}


   Skills:
 + Level 4.6 Fighting
 + Level 1.0 Short Blades
 + Level 1.0 Long Blades
 + Level 1.0 Axes
 + Level 1.0 Maces & Flails
 + Level 2.6 Polearms
 + Level 1.0 Staves
 + Level 1.0 Slings
 + Level 1.0 Bows
 + Level 6.5 Crossbows
 + Level 1.0 Throwing
 + Level 2.6 Armour
 + Level 2.6 Dodging
 + Level 1.0 Stealth
 + Level 2.6 Shields
 + Level 1.0 Unarmed Combat
 + Level 1.0 Spellcasting
 + Level 0.7 Conjurations
 + Level 0.7 Hexes
 + Level 0.7 Summonings
 + Level 0.7 Necromancy
 + Level 0.7 Translocations
 + Level 0.7 Transmutations
 + Level 0.7 Fire Magic
 + Level 0.7 Ice Magic
 + Level 0.7 Air Magic
 + Level 0.7 Earth Magic
 + Level 0.7 Poison Magic
 + Level 1.0 Invocations
 + Level 2.6 Evocations


You had 4 spell levels left.
You didn't know any spells.
Your spell library was empty.

Dungeon Overview and Level Annotations

Branches:
Dungeon (3/15)

Altars:
The Shining One

Annotations:
D:2 1 runed translucent door, Crazy Yiuf


Innate Abilities, Weirdness & Mutations

You have very sharp teeth.
Your uncanny sense of smell can sniff out nearby items.
Your experience applies equally to all skills.


Message History

Found a hand axe.
You open the door.
There is an open door here.
Found a stone staircase leading up.
Found a stone staircase leading up.
There is a stone staircase leading up here.
You open the door.
There is an open door here.
You open the door.
There is an open door here.
There is an open door here.
There is an open door here.
Crazy Yiuf shouts!
Could not explore, unopened runed door.
(D) Dungeon
Where to? (Enter - D:2 @ (x,y), ? - help) As you open the door, it creaks loudly!
There is an open door here.
There is a stone staircase leading down here.
You climb downwards.
There is a stone staircase leading up here.
A centaur comes into view.
The centaur shouts!
The centaur wields a +0 shortbow.
The centaur shoots an arrow.
The arrow hits you!
The centaur shoots an arrow.
The arrow hits you.
The centaur shoots an arrow.
The arrow barely misses you.
A ball python comes into view.
The ball python hisses angrily.
The centaur shoots an arrow.
The arrow hits you!
You are too injured to fight recklessly!
The centaur shoots an arrow.
You block the arrow.
The centaur shoots an arrow.
The arrow hits you.
* * * LOW HITPOINT WARNING * * *
The centaur shoots an arrow.
The arrow hits you but does no damage.
The centaur shoots an arrow.
The arrow hits you.
* * * LOW HITPOINT WARNING * * *
The centaur shoots an arrow.
The arrow hits you but does no damage.
The centaur shoots an arrow.
The arrow hits you.
You die...

##############
.......@.....#
############c####
.........c.#
########S#.#
#...# ##..# ∆ ∆
..# #.# ..


You could see a centaur.

Vanquished Creatures
  A worm (D:2)
  A dart slug (D:1)
  7 ball pythons
  3 bats
  2 endoplasms
  2 giant cockroaches
  7 goblins
  4 hobgoblins
  5 jackals
  2 kobolds (D:2)
  4 frilled lizards
  A rat (D:2)
39 creatures vanquished.

Notes
Turn   | Place    | Note
-------+----------+-------------------------------------------
     0 | D:1      | chaosape the Gnoll Wanderer began the quest for the Orb.
     0 | D:1      | chaosape set off with the following items: a +0 dagger, a
                  | potion of curing, a +0 buckler, a +2 scale mail
     0 | D:1      | Reached XP level 1. HP: 20/20 MP: 1/1
   104 | D:1      | Reached XP level 2. HP: 22/26 MP: 2/2
   426 | D:1      | Found a faded altar of an unknown god.
   454 | D:1      | Became a worshipper of the Shining One
   454 | D:1      | Reached * piety under the Shining One
   511 | D:1      | Reached XP level 3. HP: 28/31 MP: 3/3
   992 | D:2      | Found a runed translucent door.
   993 | D:2      | Noticed Crazy Yiuf
  1052 | D:2      | Reached skill level 1 in Invocations
  1562 | D:2      | Reached skill level 1 in Short Blades
  1562 | D:2      | Reached skill level 1 in Long Blades
  1562 | D:2      | Reached skill level 1 in Axes
  1562 | D:2      | Reached skill level 1 in Maces & Flails
  1562 | D:2      | Reached skill level 1 in Staves
  1562 | D:2      | Reached skill level 1 in Slings
  1562 | D:2      | Reached skill level 1 in Bows
  1562 | D:2      | Reached skill level 1 in Throwing
  1562 | D:2      | Reached skill level 1 in Stealth
  1562 | D:2      | Reached skill level 1 in Unarmed Combat
  1562 | D:2      | Reached skill level 1 in Spellcasting
  1859 | D:3      | Noticed a centaur
  1869 | D:3      | Shot with an arrow by a centaur

Illustrated notes

Levels and vault maps discovered:
D:1:      dpeg_arrival_boxes_within_box, layout_rooms,
          hellmonk_ecumenical_altar_dog_temple
D:2:      layout_basic, uniq_crazy_yiuf_cottage
D:3:      minmay_wonky_spiral, layout_basic, minitemple

Skill      XL: |  1  2  3 |
---------------+----------+-----
Invocations    | 1 |  1.0
Short Blades   | 1 |  1.0
Long Blades    | 1 |  1.0
Axes           | 1 |  1.0
Maces & Flails | 1 |  1.0
Staves         | 1 |  1.0
Slings         | 1 |  1.0
Bows           | 1 |  1.0
Throwing       | 1 |  1.0
Stealth        | 1 |  1.0
Unarmed Combat | 1 |  1.0
Spellcasting   | 1 |  1.0
Fighting       | |  4.6
Polearms       | |  2.6
Crossbows      | |  6.5
Armour         | |  2.6
Dodging        | |  2.6
Shields        | |  2.6
Conjurations   | |  0.7
Hexes          | |  0.7
Summonings     | |  0.7
Necromancy     | |  0.7
Translocations | |  0.7
Transmutations | |  0.7
Fire Magic     | |  0.7
Ice Magic      | |  0.7
Air Magic      | |  0.7
Earth Magic    | |  0.7
Poison Magic   | |  0.7
Evocations     | |  2.6

Action                   || total
-------------------------++-------
Melee: Dagger            ||   106
       Bite              ||     8
       Short sword       ||     6
Armor: Scale mail        ||    37
       Plate armour      ||    48
Dodge: Dodged            ||    44
Block: Buckler           ||    26
